 Dungeon Crawl Stone Soup version 0.28-a0-691-gad6df49e81 (webtiles) character file.

Game seed: 4331337511456822551

2 voltaire321 the Charlatan (level 1, 0/15 HPs)
             Began as a Demonspawn Artificer on Oct 21, 2021.
             Slain by a hobgoblin (4 damage)
             ... on level 1 of the Dungeon.
             The game lasted 00:00:18 (73 turns).

voltaire321 the Charlatan (Demonspawn Artificer)      Turns: 73, Time: 00:00:19

Health: 0/15       AC:  3    Str: 12    XL:     1   Next: 33%
Magic:  1/1        EV: 11    Int: 12    God:
Gold:   0          SH:  0    Dex: 13    Spells: 0/0 levels left

rFire   . . .      SeeInvis .   a - +0 club
rCold   . . .      Faith    .   (no shield)
rNeg    . . .      Spirit   .   b - +0 leather armour
rPois   .          Reflect  .   (no helmet)
rElec   .          Harm     .   (no cloak)
rCorr   .          Rampage  .   (no gloves)
Will    .....                   (no boots)
Stlth   +.........              (no amulet)
HPRegen 0.05/turn               (no ring)
MPRegen 0.07/turn               (no ring)

@: no status effects
A: no striking features
a: no special abilities


You were on level 1 of the Dungeon.
You visited 1 branch of the dungeon, and saw 1 of its levels.

Inventory:

Hand Weapons
 a - a +0 club (weapon)
Armour
 b - a +0 leather armour (worn)
Wands
 c - a wand of flame (15) (quivered)
 d - a wand of charming (15)
Scrolls
 f - a scroll of noise {unknown}
Miscellaneous
 e - a piece from Xom's chessboard (15/15)


   Skills:
 + Level 1.1 Fighting
 + Level 1.8 Armour
 + Level 1.0 Dodging
 - Level 0.8 Stealth
 + Level 3.0 Evocations


You couldn't memorise any spells.
You didn't know any spells.
Your spell library was empty.

Dungeon Overview and Level Annotations

Branches:
Dungeon (1/15)

Altars:


Message History

The endoplasm is severely wounded.
The endoplasm hits you but does no damage.
You hit the endoplasm.
You kill the endoplasm!
Found 23 stones.
Found a chain mail.
An endoplasm comes into view.
A bat and a hobgoblin come into view.
The hobgoblin shouts!
The bat closely misses you. The bat hits you but does no damage.
The bat misses you.
You hit the endoplasm.
The endoplasm is almost dead.
The bat hits you but does no damage. The bat barely misses you.
The endoplasm hits you.
You hit the endoplasm.
You kill the endoplasm!
The bat barely misses you. The bat closely misses you.
The bat completely misses you.
Your Dodging skill increases to level 1!
The bat hits you. The bat closely misses you. The hobgoblin closely misses you.
You barely miss the bat. The bat completely misses you.
The bat closely misses you. The hobgoblin closely misses you.
The hobgoblin hits you.
You hit the bat.
The bat is severely wounded.
The bat hits you but does no damage. The bat completely misses you.
The hobgoblin hits you.
You barely miss the bat.
The bat is severely wounded.
The bat hits you but does no damage. x2; The hobgoblin hits you.
The bat barely misses you.
You completely miss the bat.
The bat is moderately wounded.
The bat hits you but does no damage. The hobgoblin hits you.
* * * LOW HITPOINT WARNING * * *
You hit the bat but do no damage.
The bat is moderately wounded.
The bat closely misses you. The hobgoblin hits you.
You die...

### ..# #.# #.####.##
####........ #.g...#
###### #@#....b[...
#....###.#.#.###..#
#.##....b#.#.# .
#########.########.#.#
.............# ..#.#
###########.## ###g#
(# .# . ##


You could see a hobgoblin and a bat.

Vanquished Creatures
  2 endoplasms (D:1)
2 creatures vanquished.

Notes
Turn   | Place    | Note
-------+----------+-------------------------------------------
     0 | D:1      | voltaire321 the Demonspawn Artificer began the quest for
                  | the Orb.
     0 | D:1      | Reached XP level 1. HP: 15/15 MP: 1/1
    68 | D:1      | Reached skill level 1 in Dodging
    73 | D:1      | Slain by a hobgoblin

Illustrated notes

Levels and vault maps discovered:
D:1:      dpeg_arrival_rooms_c, layout_basic,
          shapermc_ecumenical_altar_mp_ritualfount, dk_noncrumbling_2,
          hangedman_decor_peaks_small

Skill      XL: |  1 |
---------------+----+-----
Dodging        | 1 |  1.0
Fighting       | |  1.1
Armour         | |  1.8
Stealth        | |  0.8
Evocations     | |  3.0

Action                   || total
-------------------------++-------
Melee: Club              ||    11
Armor: Leather armour    ||     8
Dodge: Dodged            ||    16

Table legend: (Time is in decaauts)
 A = Elapsed time spent in this place.
 B = Non-inter-level travel time spent in this place.
 C = Inter-level travel time spent in this place.
 D = Time resting spent in this place.
 E = Time spent auto-exploring this place.
 F = Levels seen in this place.
 G = Mean time per level.
                   A        B        C        D        E       F      G
               +--------+--------+--------+--------+--------+-----+--------+
         Total |     76 |     76 |      0 |      0 |     44 |   1 |   76.0 |
       Dungeon |     76 |     76 |      0 |      0 |     44 |   1 |   76.0 |
               +--------+--------+--------+--------+--------+-----+--------+

Top non-repeatable levels by time:
     D:1: 76 daAuts
